Map: Newkirk Precinct TE (Void)

Players

Rsraider

  • Race: Terran Terran
  • Spawn Location: 7:00

Loken - Winner!

  • Race: Zerg Zerg
  • Spawn Location: 5:00

VOD

Have the link to the VOD?

Description

Time

  • Played on: March 11, 2017, 3:56 p.m.
  • Length: 11:03
Show
View Real Time Build Order
Export as new Build Order

Rsraider Terran 

Build Orders:  

Get SALT Encoding   

  12  0:01  SCV  
  13  0:14  SCV  
  14  0:35  Supply Depot  
  14  0:38  SCV  
  15  0:53  Refinery  
  15  1:05  SCV, Supply Depot  
  16  1:19  Barracks  
  16  1:21  SCV  
  17  1:34  SCV  
  18  2:09  Marine  
  19  2:16  Command Center  
  19  2:22  Factory  
  19  2:27  SCV, Marine  
  21  2:45  Marine  
  22  3:03  Marine  
  23  3:07  Barracks  
  23  3:19  Factory Tech Lab  
  23  3:20  Barracks  
  23  3:21  Marine  
  23  3:25  SCV  
  25  3:29  SCV  
  26  3:39  Marine  
  26  3:40  Refinery  
  28  3:41  SCV  
  28  3:46  Siege Tank  
  31  3:53  SCV x2  
  33  4:00  Refinery  
  33  4:05  SCV  
  34  4:12  Barracks Reactor x2  
  34  4:15  Marine  
  35  4:31  SCV  
  36  4:33  Marine  
  37  4:41  Refinery  
  37  4:42  Siege Tank  
  37  4:43  SCV  
  41  4:50  Marine  
  41  4:52  SCV  
  43  4:55  SCV  
  44  5:04  SCV  
  45  5:07  SCV  
  46  5:16  Supply Depot  
  46  5:19  Supply Depot  
  46  5:21  Supply Depot  
  46  5:22  Supply Depot  
  46  5:37  SCV x2, Marine  
  46  5:40  Supply Depot, Siege Tank  
  46  5:41  Supply Depot  
  52  5:46  Supply Depot x2  
  54  5:50  SCV x2  
  54  5:55  Marine  
  55  6:02  SCV, Supply Depot  
  56  6:05  Supply Depot  
  56  6:14  SCV  
  56  6:15  SCV, Starport  
  56  6:16  Starport  
  58  6:26  SCV  
  58  6:27  SCV  
  58  6:30  Supply Depot  
  58  6:32  Supply Depot  
  60  6:33  Supply Depot  
  60  6:34  Supply Depot  
  60  6:38  SCV  
  60  6:39  SCV  
  62  6:51  SCV  
  62  6:53  Supply Depot  
  63  6:57  Supply Depot x2  
  63  7:03  SCV  
  64  7:13  Barracks Tech Lab  
  64  7:14  Marine x4  
  69  7:15  SCV  
  69  7:26  Siege Tank  
  69  7:27  SCV  
  73  7:31  Marine  
  73  7:32  Marine x3  
  73  7:36  Starport Tech Lab  
  77  7:38  Starport Tech Lab  
  77  7:43  Orbital Command  
  77  7:49  Marine x2  
  77  7:50  Marine x2  
  81  8:02  Marine  
  81  8:07  Marine x4  
  72  8:19  Marine  
  67  8:25  Marine x4  
  72  8:37  Marine  
  73  8:43  Marine x4  
  73  8:45  Medivac x2  
  81  8:55  Marine  
  81  8:56  Hellion  
  81  9:00  Marine  
  81  9:01  Marine x3  
  88  9:13  Marine  
  89  9:18  Hellion, Marine  
  89  9:19  Marine x3  
  95  9:29  Liberator x2  
  95  9:31  Marine  
  65  9:39  Hellion  
  58  9:49  Marine  
  60  10:01  Hellion  
  59  10:16  Engineering Bay  
  59  10:21  Engineering Bay  
  59  10:22  Hellion  
  59  10:27  Armory  
  59  10:30  Armory  
  59  10:32  Armory  
  59  10:35  Armory  
Show
View Real Time Build Order
Export as new Build Order

Loken Zerg - Winner!

Build Orders: Hatch First 

Get SALT Encoding   

  12  0:01  Drone  
  13  0:15  Drone  
  13  0:18  Overlord  
  14  0:39  Drone x3  
  17  0:59  Drone  
  17  1:00  Hatchery  
  17  1:03  Drone  
  18  1:12  Extractor  
  18  1:18  Spawning Pool  
  16  1:24  Drone  
  16  1:25  Drone  
  18  1:41  Drone  
  19  2:04  Queen  
  19  2:06  Zergling x2  
  19  2:08  Overlord x2  
  22  2:12  Queen  
  24  2:18  Zergling x2  
  24  2:21  Metabolic Boost  
  25  2:27  Drone  
  25  2:28  Drone  
  27  2:37  Zergling x2  
  27  2:41  Drone  
  27  2:44  Queen  
  29  2:50  Queen  
  33  3:23  Drone  
  33  3:24  Drone x10  
  44  4:00  Hatchery  
  44  4:01  Zergling x2  
  43  4:16  Roach Warren  
  42  4:18  Extractor  
  42  4:20  Zergling x2  
  42  4:21  Zergling x2  
  42  4:22  Overlord x6  
  42  4:23  Overlord x2  
  43  4:28  Extractor  
  43  4:30  Extractor  
  41  4:46  Lair  
  41  5:09  Drone  
  41  5:10  Drone x11  
  53  5:38  Roach x9  
  71  5:56  Glial Reconstitution  
  71  6:01  Spire  
  70  6:06  Zergling x2  
  70  6:07  Zergling x14  
  78  6:42  Drone  
  78  6:43  Drone x8  
  85  7:13  Drone  
  85  7:14  Drone x9  
  95  7:32  Mutalisk  
  95  7:33  Mutalisk x8  
  113  7:48  Zerg Flyer Weapons Level 1  
  113  8:08  Overlord  
  113  8:09  Overlord x12  
  113  8:21  Ravager  
  114  8:34  Ravager  
  114  8:35  Ravager x7  
  122  8:41  Zergling x2  
  122  8:42  Zergling x20  
  133  8:53  Hatchery  
  132  8:56  Hatchery  
  132  9:01  Hatchery  
  130  9:12  Hatchery  
  130  9:16  Hatchery  
  97  9:57  Zergling x20  
  97  9:58  Zergling x36  
  97  9:59  Zergling x2  
Tags
 
Add a new tag
Caveats
  • Supply blocks, unpowered buildings, or Contaminate may cause inaccurate times.
  • Supply counts are checked every 10 seconds.